| TOP OF THE 1ST |
|
Miami Marlins batting - Pitching for Atlanta Braves : RHP Sean Geer
|
|
Pitching: RHP Sean Geer
|
|
|
Batting: RHB Roger Salazar
|
0-0: Ball 1-0: Swinging Strike 1-1: Ball 2-1: SINGLE (Groundball, 34D, EV 96.9 MPH)
|
|
Batting: RHB Mike Gar
|
0-0: Grounds into double play, 4-6-3 (Groundball, 4M, EV 83.8 MPH)
|
|
Batting: LHB Andre Gorter
|
0-0: Swinging Strike 0-1: Ball 1-1: Ball 2-1: Ball 3-1: Base on Balls
|
|
Batting: SHB Ramon Martinez
|
0-0: SINGLE (Flyball, 8RS, EV 92.5 MPH) Andre Gorter to second Runner from 2nd tries for 3rd, SAFE, throw by CF made to third
|
|
Batting: RHB Micah Christopher
|
0-0: Foul Ball, location: 2F 0-1: Swinging Strike 0-2: Strikes out looking
|
| Top of the 1st over - 0 runs, 2 hits, 0 errors, 2 left on base; Miami 0 - Atlanta 0 |
| BOTTOM OF THE 1ST |
|
Atlanta Braves batting - Pitching for Miami Marlins : LHP Matt Payne
|
|
Pitching: LHP Matt Payne
|
|
|
Batting: LHB Per Meulengracht
|
0-0: Ball 1-0: Called Strike 1-1: Foul Ball, location: 2F 1-2: Foul Ball, location: 2F 1-2: SINGLE (Groundball, 4M, EV 102.5 MPH) (infield hit)
|
|
Batting: RHB Jeckel Hester
|
0-0: SINGLE (Line Drive, 34D, EV 95.6 MPH) Per Meulengracht to second Runner from 2nd tries for 3rd, SAFE, throw by RF made to third
|
|
Batting: RHB Jordan Martin
|
0-0: Called Strike 0-1: Ball 1-1: Fly out, F8 (Line Drive, 8LM, EV 93.1 MPH)
|
|
Batting: RHB Adriaan Pieters
|
0-0: Ball Jeckel Hester is caught stealing 2nd base 2-4 1-0: Called Strike 1-1: Ball 2-1: Foul Ball, location: 2F 2-2: Ball 3-2: Base on Balls
|
|
Batting: RHB Ike Trout
|
0-0: Ground out 4-3 (Groundball, 4S, EV 87.5 MPH)
|
| Bottom of the 1st over - 0 runs, 2 hits, 0 errors, 2 left on base; Miami 0 - Atlanta 0 |
| TOP OF THE 2ND |
|
Miami Marlins batting - Pitching for Atlanta Braves : RHP Sean Geer
|
|
Batting: RHB Mark Barger
|
0-0: DOUBLE (Groundball, 5L, EV 100.6 MPH)
|
|
Batting: RHB Steve Barnard
|
0-0: Called Strike 0-1: Ball 1-1: Foul Ball, location: 2F 1-2: Foul Ball, location: 2F 1-2: Ball 2-2: Ball 3-2: Foul Ball, location: 2F 3-2: Base on Balls
|
|
Batting: LHB Eric Bailey
|
0-0: Called Strike 0-1: Grounds into double play, 6-4-3 (Groundball, 6M, EV 105.6 MPH) Mark Barger to third
|
|
Batting: RHB Alex Munoz
|
0-0: Called Strike 0-1: Ball 1-1: Ball 2-1: Ground out U3 (Groundball, 23, EV 80.6 MPH)
|
| Top of the 2nd over - 0 runs, 1 hit, 0 errors, 1 left on base; Miami 0 - Atlanta 0 |
| BOTTOM OF THE 2ND |
|
Atlanta Braves batting - Pitching for Miami Marlins : LHP Matt Payne
|
|
Batting: RHB Jared Speck
|
0-0: SOLO HOME RUN (Flyball, 7LD, EV 98.8 MPH), Distance : 355 ft
|
|
Batting: LHB Matt Sigurdson
|
0-0: Swinging Strike 0-1: Foul Ball, location: 2F 0-2: Strikes out looking
|
|
Batting: RHB Xavier Davis
|
0-0: Ground out 5-3 (Groundball, 56, EV 105.0 MPH)
|
|
Batting: RHB Zhi-bin Ou-yang
|
0-0: Called Strike 0-1: Swinging Strike 0-2: Ground out 3-1 (Groundball, 34S, EV 81.9 MPH)
|
| Bottom of the 2nd over - 1 run, 1 hit, 0 errors, 0 left on base; Miami 0 - Atlanta 1 |
| TOP OF THE 3RD |
|
Miami Marlins batting - Pitching for Atlanta Braves : RHP Sean Geer
|
|
Batting: RHB Roger Salazar
|
0-0: Called Strike 0-1: Swinging Strike 0-2: Ball 1-2: SINGLE (Groundball, 56D, EV 105.6 MPH)
|
|
Batting: RHB Mike Gar
|
0-0: Called Strike 0-1: Foul Ball, location: 2F 0-2: Strikes out swinging
|
|
Batting: LHB Andre Gorter
|
0-0: Ball 1-0: Ball 2-0: Foul Ball, location: 2F 2-1: TRIPLE (Flyball, 78XD, EV 89.4 MPH) Roger Salazar scores
|
|
Batting: SHB Ramon Martinez
|
0-0: Ball 1-0: Foul Ball, location: 2F 1-1: Foul Ball, location: 2F 1-2: Ball 2-2: Foul Ball, location: 2F 2-2: Strikes out swinging
|
|
Batting: RHB Micah Christopher
|
0-0: Ball 1-0: Called Strike 1-1: Foul Ball, location: 2F 1-2: Ball 2-2: Strikes out looking
|
| Top of the 3rd over - 1 run, 2 hits, 0 errors, 1 left on base; Miami 1 - Atlanta 1 |
| BOTTOM OF THE 3RD |
|
Atlanta Braves batting - Pitching for Miami Marlins : LHP Matt Payne
|
|
Batting: LHB Per Meulengracht
|
0-0: Ball 1-0: Foul Ball, location: 2F 1-1: Foul Ball, location: 2F 1-2: Foul Ball, location: 2F 1-2: Ball 2-2: Fly out, F8 (Flyball, 8LM, EV 85.0 MPH)
|
|
Batting: RHB Jeckel Hester
|
0-0: Swinging Strike 0-1: Ball 1-1: Ball 2-1: Ball 3-1: Foul Ball, location: 2F 3-2: Strikes out swinging
|
|
Batting: RHB Jordan Martin
|
0-0: Fly out, F9 (Flyball, 9S, EV 91.2 MPH)
|
| Bottom of the 3rd over - 0 runs, 0 hits, 0 errors, 0 left on base; Miami 1 - Atlanta 1 |
| TOP OF THE 4TH |
|
Miami Marlins batting - Pitching for Atlanta Braves : RHP Sean Geer
|
|
Batting: RHB Mark Barger
|
0-0: Called Strike 0-1: Swinging Strike 0-2: Foul Ball, location: 2F 0-2: Strikes out swinging
|
|
Batting: RHB Steve Barnard
|
0-0: Swinging Strike 0-1: Ball 1-1: Called Strike 1-2: Foul Ball, location: 2F 1-2: Strikes out swinging
|
|
Batting: LHB Eric Bailey
|
0-0: Ball 1-0: Called Strike 1-1: Swinging Strike 1-2: Strikes out swinging
|
| Top of the 4th over - 0 runs, 0 hits, 0 errors, 0 left on base; Miami 1 - Atlanta 1 |
| BOTTOM OF THE 4TH |
|
Atlanta Braves batting - Pitching for Miami Marlins : LHP Matt Payne
|
|
Batting: RHB Adriaan Pieters
|
0-0: Ball 1-0: Fly out, F8 (Flyball, 8LD, EV 88.8 MPH)
|
|
Batting: RHB Ike Trout
|
0-0: Ball 1-0: Foul Ball, location: 2F 1-1: Ball 2-1: Ball 3-1: Base on Balls
|
|
Batting: RHB Jared Speck
|
0-0: Ball 1-0: Ball 2-0: Called Strike 2-1: Ball 3-1: Base on Balls Ike Trout to second
|
|
Batting: LHB Matt Sigurdson
|
0-0: Ball 1-0: Foul Ball, location: 2F 1-1: Ball 2-1: Ball 3-1: Called Strike 3-2: SINGLE (Line Drive, 89S, EV 107.5 MPH) Ike Trout to third Jared Speck to second
|
|
Batting: RHB Xavier Davis
|
0-0: Called Strike 0-1: Swinging Strike 0-2: Strikes out swinging
|
|
Batting: RHB Zhi-bin Ou-yang
|
0-0: Ball 1-0: Ball 2-0: Fielders Choice at 2nd, 6-4 (Groundball, 6, EV 100.0 MPH)
|
| Bottom of the 4th over - 0 runs, 1 hit, 0 errors, 3 left on base; Miami 1 - Atlanta 1 |
| TOP OF THE 5TH |
|
Miami Marlins batting - Pitching for Atlanta Braves : RHP Sean Geer
|
|
Batting: RHB Alex Munoz
|
0-0: Ball 1-0: Ball 2-0: Swinging Strike 2-1: Swinging Strike 2-2: Strikes out swinging
|
|
Batting: RHB Roger Salazar
|
0-0: Ball 1-0: Ball 2-0: Fly out, F4 (Popup, 4M, EV 51.2 MPH)
|
|
Batting: RHB Mike Gar
|
0-0: Ball 1-0: Ball 2-0: Swinging Strike 2-1: DOUBLE (Flyball, 8RXD, EV 94.4 MPH)
|
|
Batting: LHB Andre Gorter
|
0-0: Ball 1-0: Foul Ball, location: 2F 1-1: Fly out, F8 (Flyball, 8RXD, EV 93.1 MPH)
|
| Top of the 5th over - 0 runs, 1 hit, 0 errors, 1 left on base; Miami 1 - Atlanta 1 |
| BOTTOM OF THE 5TH |
|
Atlanta Braves batting - Pitching for Miami Marlins : LHP Matt Payne
|
|
Batting: LHB Per Meulengracht
|
0-0: Called Strike 0-1: Ball 1-1: Fly out, F8 (Flyball, 8RD, EV 77.5 MPH)
|
|
Batting: RHB Jeckel Hester
|
0-0: Fly out, F8 (Flyball, 8LS, EV 87.5 MPH)
|
|
Batting: RHB Jordan Martin
|
0-0: Ground out 6-3 (Groundball, 6, EV 91.2 MPH)
|
| Bottom of the 5th over - 0 runs, 0 hits, 0 errors, 0 left on base; Miami 1 - Atlanta 1 |
| TOP OF THE 6TH |
|
Miami Marlins batting - Pitching for Atlanta Braves : RHP Sean Geer
|
|
Batting: SHB Ramon Martinez
|
0-0: Ball 1-0: Called Strike 1-1: SINGLE (Groundball, 6M, EV 108.1 MPH) (infield hit)
|
|
Batting: RHB Micah Christopher
|
0-0: Ball 1-0: Called Strike 1-1: Grounds into double play, 6-4-3 (Groundball, 6M, EV 81.9 MPH)
|
|
Batting: RHB Mark Barger
|
0-0: Ball 1-0: Ball 2-0: Ball 3-0: Foul Ball, location: 2F 3-1: Foul Ball, location: 2F 3-2: Base on Balls
|
|
Batting: RHB Steve Barnard
|
0-0: Ball 1-0: SINGLE (Line Drive, 89M, EV 104.4 MPH) Mark Barger to second Runner from 2nd tries for 3rd, SAFE, throw by CF made to third
|
|
Batting: LHB Eric Bailey
|
0-0: Ball 1-0: Ball 2-0: Foul Ball, location: 2F 2-1: Foul Ball, location: 2F 2-2: Ball 3-2: Foul Ball, location: 2F 3-2: Base on Balls Steve Barnard to second
|
|
Batting: RHB Alex Munoz
|
0-0: Ball 1-0: Ground out 4-3 (Groundball, 4S, EV 68.1 MPH)
|
| Top of the 6th over - 0 runs, 2 hits, 0 errors, 3 left on base; Miami 1 - Atlanta 1 |
| BOTTOM OF THE 6TH |
|
Atlanta Braves batting - Pitching for Miami Marlins : LHP Matt Payne
|
|
Batting: RHB Adriaan Pieters
|
0-0: Ball 1-0: Ball 2-0: Ball 3-0: Base on Balls
|
|
Batting: RHB Ike Trout
|
0-0: Ball 1-0: Ball 2-0: Ball 3-0: Base on Balls Adriaan Pieters to second
|
|
Batting: RHB Jared Speck
|
0-0: Ball 1-0: Swinging Strike 1-1: Called Strike 1-2: Ball 2-2: Fly out, F8 (Flyball, 89M, EV 91.9 MPH)
|
|
Batting: LHB Matt Sigurdson
|
0-0: Ball 1-0: Foul Ball, location: 2F 1-1: Called Strike 1-2: Strikes out swinging
|
|
Batting: RHB Xavier Davis
|
0-0: Called Strike 0-1: Ball 1-1: Ball 2-1: Swinging Strike 2-2: Foul Ball, location: 2F 2-2: Strikes out swinging
|
| Bottom of the 6th over - 0 runs, 0 hits, 0 errors, 2 left on base; Miami 1 - Atlanta 1 |
| TOP OF THE 7TH |
|
Miami Marlins batting - Pitching for Atlanta Braves : RHP Sean Geer
|
|
Pitching: RHP Andy Kiefer
|
|
|
Batting: RHB Roger Salazar
|
0-0: Ball 1-0: Called Strike 1-1: Swinging Strike 1-2: Ball 2-2: Strikes out looking
|
|
Batting: RHB Mike Gar
|
0-0: SINGLE (Line Drive, 3D, EV 100.6 MPH)
|
|
Batting: LHB Andre Gorter
|
0-0: Ball Mike Gar is caught stealing 2nd base 2-6 1-0: DOUBLE (Flyball, 8RXD, EV 108.1 MPH)
|
|
Batting: SHB Ramon Martinez
|
0-0: Ball 1-0: Ball 2-0: Ball 3-0: Base on Balls
|
|
Batting: RHB Micah Christopher
|
0-0: Ball 1-0: Ball 2-0: SINGLE (Groundball, 6MD, EV 101.9 MPH) Andre Gorter to third Ramon Martinez to second Runner from 3rd tries for Home, SAFE, throw by CF to home
|
|
Batting: RHB Mark Barger
|
0-0: Ball 1-0: Ball 2-0: Foul Ball, location: 2F 2-1: Called Strike 2-2: Strikes out looking
|
| Top of the 7th over - 1 run, 3 hits, 0 errors, 2 left on base; Miami 2 - Atlanta 1 |
| BOTTOM OF THE 7TH |
|
Atlanta Braves batting - Pitching for Miami Marlins : LHP Matt Payne
|
|
Batting: RHB Zhi-bin Ou-yang
|
0-0: Ball 1-0: Ball 2-0: SINGLE (Flyball, 9LS, EV 86.2 MPH)
|
|
Batting: LHB Per Meulengracht
|
0-0: Called Strike 0-1: Sac Bunt to 13 - play at first, batter OUT! 1-3 Zhi-bin Ou-yang to second
|
|
Batting: RHB Jeckel Hester
|
0-0: Ball 1-0: Ball 2-0: Ground out U3 (Groundball, 3, EV 86.2 MPH) Zhi-bin Ou-yang to third
|
|
Batting: RHB Jordan Martin
|
0-0: Ground out 6-3 (Groundball, 6, EV 81.9 MPH)
|
| Bottom of the 7th over - 0 runs, 1 hit, 0 errors, 1 left on base; Miami 2 - Atlanta 1 |
| TOP OF THE 8TH |
|
Miami Marlins batting - Pitching for Atlanta Braves : RHP Andy Kiefer
|
|
Pitching: RHP Victor Munoz
|
|
|
Batting: RHB Steve Barnard
|
0-0: Called Strike 0-1: Called Strike 0-2: Foul Ball, location: 2F 0-2: Ball 1-2: Ground out 4-3 (Groundball, 4MS, EV 83.8 MPH)
|
|
Batting: LHB Eric Bailey
|
0-0: Foul Ball, location: 2F 0-1: Called Strike 0-2: Strikes out looking
|
|
Batting: RHB Alex Munoz
|
0-0: Ball 1-0: Foul Ball, location: 2F 1-1: Called Strike 1-2: Fly out, F7 (Flyball, 7, EV 92.5 MPH)
|
| Top of the 8th over - 0 runs, 0 hits, 0 errors, 0 left on base; Miami 2 - Atlanta 1 |
| BOTTOM OF THE 8TH |
|
Atlanta Braves batting - Pitching for Miami Marlins : LHP Matt Payne
|
|
Batting: RHB Adriaan Pieters
|
0-0: Ball 1-0: Ball 2-0: Ball 3-0: Called Strike 3-1: Called Strike 3-2: Base on Balls
|
|
Pitching: RHP Chris Nickerson
|
|
|
Pinch Runner at 1st Liangde Li:
|
|
|
Batting: RHB Ike Trout
|
0-0: SINGLE (Groundball, 4D, EV 106.2 MPH) Liangde Li to second Runner from 2nd tries for 3rd, SAFE, throw by CF made to third
|
|
Pinch Hitting: LHB Colin Worthington
|
0-0: Called Strike 0-1: Ball 1-1: Ball 2-1: Called Strike 2-2: Strikes out swinging
|
|
Batting: LHB Matt Sigurdson
|
0-0: Ball 1-0: Called Strike 1-1: Fly out, F8 (Flyball, 8RXD, EV 96.9 MPH) Runner from 3rd tags up, SCORES, no throw by CF
|
|
Batting: RHB Xavier Davis
|
0-0: Swinging Strike 0-1: Swinging Strike 0-2: Ball 1-2: Strikes out swinging, 2-3 out at first.
|
| Bottom of the 8th over - 1 run, 1 hit, 0 errors, 1 left on base; Miami 2 - Atlanta 2 |
| TOP OF THE 9TH |
|
Miami Marlins batting - Pitching for Atlanta Braves : RHP Victor Munoz
|
|
Now in LF: Colin Worthington
|
|
|
Now in CF: Liangde Li
|
|
|
Now in RF: Per Meulengracht
|
|
|
Batting: RHB Roger Salazar
|
0-0: Called Strike 0-1: Ball 1-1: Foul Ball, location: 2F 1-2: Ball 2-2: Ground out 6-3 (Groundball, 6, EV 103.1 MPH)
|
|
Batting: RHB Mike Gar
|
0-0: Called Strike 0-1: Ground out 6-3 (Groundball, 6S, EV 91.2 MPH)
|
|
Batting: LHB Andre Gorter
|
0-0: Called Strike 0-1: Called Strike 0-2: Ball 1-2: Ball 2-2: Foul Ball, location: 2F 2-2: Foul Ball, location: 2F 2-2: Foul Ball, location: 2F 2-2: Ground out 4-3 (Groundball, 4, EV 83.8 MPH)
|
| Top of the 9th over - 0 runs, 0 hits, 0 errors, 0 left on base; Miami 2 - Atlanta 2 |
| BOTTOM OF THE 9TH |
|
Atlanta Braves batting - Pitching for Miami Marlins : RHP Chris Nickerson
|
|
Batting: RHB Zhi-bin Ou-yang
|
0-0: Ball 1-0: Called Strike 1-1: Ground out 2-3 (Groundball, 2L, EV 68.1 MPH)
|
|
Batting: LHB Per Meulengracht
|
0-0: Ball 1-0: Foul Ball, location: 2F 1-1: Ground out 4-3 (Groundball, 4, EV 88.8 MPH)
|
|
Batting: RHB Jeckel Hester
|
0-0: Ball 1-0: Ball 2-0: Ball 3-0: Called Strike 3-1: Ground out 5-3 (Groundball, 56, EV 92.5 MPH)
|
| Bottom of the 9th over - 0 runs, 0 hits, 0 errors, 0 left on base; Miami 2 - Atlanta 2 |
| TOP OF THE 10TH |
|
Miami Marlins batting - Pitching for Atlanta Braves : RHP Victor Munoz
|
|
Pitching: RHP Gavin Nelson
|
|
|
Batting: SHB Ramon Martinez
|
0-0: Called Strike 0-1: Foul Ball, location: 2F 0-2: Ball 1-2: Ball 2-2: Ball 3-2: Strikes out swinging
|
|
Batting: RHB Micah Christopher
|
0-0: Ball 1-0: Called Strike 1-1: SINGLE (Flyball, 6MD, EV 85.6 MPH)
|
|
Batting: RHB Mark Barger
|
0-0: Called Strike 0-1: Ball 1-1: Ball Wild Pitch! Micah Christopher to second 2-1: Swinging Strike 2-2: Strikes out swinging
|
|
Batting: RHB Steve Barnard
|
0-0: Ball 1-0: Foul Ball, location: 2F 1-1: Ground out 4-3 (Groundball, 34, EV 100.6 MPH)
|
| Top of the 10th over - 0 runs, 1 hit, 0 errors, 1 left on base; Miami 2 - Atlanta 2 |
| BOTTOM OF THE 10TH |
|
Atlanta Braves batting - Pitching for Miami Marlins : RHP Chris Nickerson
|
|
Pitching: RHP John Dinsmore
|
|
|
Batting: RHB Jordan Martin
|
0-0: Ball 1-0: Ball 2-0: Called Strike 2-1: Ball 3-1: Swinging Strike 3-2: SINGLE (Groundball, 5D, EV 95.6 MPH)
|
|
Batting: RHB Liangde Li
|
0-0: Ball Jordan Martin steals 2nd base 1-0: Swinging Strike 1-1: Ball 2-1: Ball 3-1: Foul Ball, location: 2F 3-2: Base on Balls
|
|
Batting: RHB Ike Trout
|
0-0: Called Strike 0-1: Called Strike 0-2: Ball 1-2: Fielders Choice at 2nd, 3-6 (Groundball, 34S, EV 83.8 MPH) Jordan Martin to third
|
|
Batting: LHB Colin Worthington
|
0-0: Called Strike 0-1: Swinging Strike 0-2: Foul Ball, location: 2F 0-2: Ball 1-2: Foul Ball, location: 2F 1-2: Foul Ball, location: 2F 1-2: Foul Ball, location: 2F 1-2: Foul Ball, location: 2F 1-2: Strikes out swinging
|
|
Batting: LHB Matt Sigurdson
|
0-0: Called Strike 0-1: Fielders Choice at 2nd, 6-4 (Groundball, 6, EV 82.5 MPH)
|
| Bottom of the 10th over - 0 runs, 1 hit, 0 errors, 2 left on base; Miami 2 - Atlanta 2 |
| TOP OF THE 11TH |
|
Miami Marlins batting - Pitching for Atlanta Braves : RHP Gavin Nelson
|
|
Batting: LHB Eric Bailey
|
0-0: Called Strike 0-1: Ball 1-1: Ball 2-1: Swinging Strike 2-2: Strikes out swinging
|
|
Batting: RHB Alex Munoz
|
0-0: SINGLE (Groundball, 4MD, EV 103.8 MPH)
|
|
Pitching: RHP Mike Willig
|
|
|
Batting: RHB Roger Salazar
|
0-0: Called Strike 0-1: Ball 1-1: Ball 2-1: Foul Ball, location: 2F 2-2: Strikes out swinging
|
|
Batting: RHB Mike Gar
|
0-0: Called Strike 0-1: Ball 1-1: Ball Alex Munoz steals 2nd base (no throw) 2-1: 2-RUN HOME RUN (Flyball, 9LD, EV 89.4 MPH), Distance : 338 ft
|
|
Batting: LHB Andre Gorter
|
0-0: Ball 1-0: Called Strike 1-1: Swinging Strike 1-2: Strikes out swinging
|
| Top of the 11th over - 2 runs, 2 hits, 0 errors, 0 left on base; Miami 4 - Atlanta 2 |
| BOTTOM OF THE 11TH |
|
Atlanta Braves batting - Pitching for Miami Marlins : RHP John Dinsmore
|
|
Batting: RHB Xavier Davis
|
0-0: Ball 1-0: Foul Ball, location: 2F 1-1: Ball 2-1: Ball 3-1: Fly out, F8 (Flyball, 89D, EV 89.4 MPH)
|
|
Batting: RHB Zhi-bin Ou-yang
|
0-0: Ball 1-0: Ball 2-0: Ground out 6-3 (Groundball, 6MD, EV 76.9 MPH)
|
|
Batting: LHB Per Meulengracht
|
0-0: Ball 1-0: Called Strike 1-1: Foul Ball, location: 2F 1-2: Strikes out swinging
|
| Bottom of the 11th over - 0 runs, 0 hits, 0 errors, 0 left on base; Miami 4 - Atlanta 2 |
|